 Dungeon Crawl Stone Soup version 0.24.0-13-gcf9b319 (webtiles) character file.

Game seed: 4110037912202955933, levelgen mode: deterministic

799 Bronimir the Magician (level 7, 0/49 HPs)
             Began as a Demonspawn Wizard on Mar 3, 2020.
             Slain by a yak (11 damage)
             ... on level 5 of the Dungeon.
             The game lasted 00:23:22 (7622 turns).

Bronimir the Magician (Demonspawn Wizard)           Turns: 7622, Time: 00:23:23

Health: 0/49       AC: 15    Str: 10    XL:     7   Next: 59%
Magic:  1/13       EV: 12    Int: 19    God:
Gold:   264        SH:  0    Dex: 11    Spells: 1/14 levels left

rFire    . . .     SeeInvis +   l - +2 flail (crush)
rCold    + . .     Gourm    .   (no shield)
rNeg     . . .     Faith    .   e - +0 leather armour
rPois    +         Spirit   .   I - +0 helmet
rElec    .         Reflect  .   (no cloak)
rCorr    .         Harm     .   (no gloves)
MR       .....                  i - +1 pair of boots
Stlth    +.........             (no amulet)
HPRegen  0.16/turn              h - ring of see invisible
MPRegen  0.13/turn              F - ring of poison resistance

@: sanguine armour
A: claws 1, cold resistance 1, sanguine armour 2
a: no special abilities


You were on level 5 of the Dungeon.
You were hungry.

You visited 1 branch of the dungeon, and saw 5 of its levels.

You collected 264 gold pieces.

Inventory:

Hand Weapons
 a - a +2 vampiric whip
 b - a +0 shortbow
 f - a +0 spear
 k - a +0 hand axe
 l - a +2 flail of crushing (weapon)
Missiles
 m - 151 stones
 o - 129 arrows
 s - 14 poisoned darts (quivered)
 u - 20 sling bullets
 v - 20 bolts
Armour
 e - a +0 leather armour (worn)
 i - a +1 pair of boots (worn)
 D - a +0 ring mail
 I - a +0 helmet (worn)
Jewellery
 h - a ring of see invisible (left claw)
 q - an uncursed ring of fire
 F - a ring of poison resistance (right claw)
 G - an uncursed ring of fire
Wands
 A - a wand of iceblast (14)
Scrolls
 c - 2 scrolls of magic mapping
 g - a scroll of fear {unknown}
 j - 5 scrolls of teleportation
 n - a scroll of identify
 t - a scroll of amnesia
 x - a scroll of remove curse
 y - a scroll of immolation {unknown}
 J - a scroll of enchant weapon {unknown}
Potions
 r - 2 potions of mutation {unknown}
 w - a potion of resistance {unknown}
 B - a potion of curing
 C - a potion of haste
 E - 4 potions of brilliance
 H - 2 potions of agility {unknown}
Comestibles
 d - 12 rations


   Skills:
 + Level 1.8 Fighting
 + Level 0.4 Maces & Flails
 + Level 2.5 Polearms
 + Level 0.4 Throwing
 * Level 2.3 Armour
 + Level 2.8 Dodging
 - Level 1.7 Stealth
 + Level 4.1 Spellcasting
 * Level 2.7 Conjurations
 * Level 2.8 Hexes
 + Level 3.0 Summonings
 + Level 0.8 Translocations
 * Level 1.8 Poison Magic


You had one spell level left.
You knew the following spells:

 Your Spells              Type           Power        Failure   Level  Hunger
a - Magic Dart            Conj           ##..         6%          1    None
b - Blink                 Tloc           N/A          19%         2    ##.....
c - Call Imp              Summ           ###.....     8%          2    ##.....
d - Slow                  Hex            ##......     9%          2    ##.....
e - Mephitic Cloud        Conj/Pois/Air  #.......     28%         3    ###....
f - Conjure Flame         Conj/Fire      #.......     30%         3    ###....

Your spell library contained the following spells:

 Spells                   Type           Power        Failure   Level  Hunger


Dungeon Overview and Level Annotations

Branches:
Dungeon (5/15)
 Temple: D:4-7

Altars:
Dithmenos
Nemelex Xobeh
Yredelemnul

Shops:
D:5 }

Annotations:
D:2 Natasha


Innate Abilities, Weirdness & Mutations

You have sharp fingernails.
Your flesh is cold resistant. (rC+)
When seriously injured, your bleeding wounds create thick armour. (AC +9)


Message History

Your crimson imp hits the yak but does no damage.
You barely miss the yak.
The yak is moderately wounded.
The yak gores you.
Your crimson imp hits the yak but does no damage.
Your crimson imp hits the yak.
The yak gores you but does no damage. The yak gores your crimson imp.
The yak gores you!
* * * LOW HITPOINT WARNING * * *
You hit the yak.
The yak is heavily wounded.
Your crimson imp hits the yak but does no damage.
Your crimson imp barely misses the yak.
The yak gores you but does no damage. The yak gores your crimson imp!
Your crimson imp dies!
The yak closely misses you.
Casting: Call Imp (safe; 8% risk of failure)
Confirm with . or Enter, or press ? or * to list all spells.
A beastly little devil appears in a puff of flame.
Your crimson imp hits the yak.
The yak barely misses you. The yak gores you!
You die...

##...(..#...###..............#.#.
###.....#...# #)#..........#####.
..........### ###.....##...## #..
..........# #....#####..# #..
#.....5...### #..#.# #..# ##.
##.......5Y.# ##..#######..# ##
#.##.....#..####.5###...##..##
##.#.....#.Y.#.#.............#
.......[.......#@.##.........###
...........#..YYY###.........#.##
.............#5.Y# ##...........#
.............##### #.............
............## #.............
............#### #...........##
##.##.#........## #.............
#######..#.....####.............
#####.....................


You could see 4 yaks and 2 friendly crimson imps.

Vanquished Creatures
  A yak (D:5)
  A centaur (D:5)
  A hound (D:4)
  A bullfrog skeleton (D:4)
  A worker ant (D:3)
  A hound skeleton (D:4)
  5 gnolls
  2 adders
  An ooze (D:1)
  An adder skeleton (D:4)
  A dart slug (D:1)
  3 leopard geckos (D:2)
  9 orcs
  3 giant cockroaches
  10 goblins
  10 hobgoblins
  4 jackals (D:5)
  A ball python (D:3)
  6 bats
  6 frilled lizards
  8 kobolds
  5 rats
81 creatures vanquished.

Vanquished Creatures (collateral kills)
  A yak (D:5)
  2 ogres
  A jelly (D:5)
  An orc priest (D:4)
  An iguana (D:4)
  A worker ant (D:4)
  4 gnolls (D:4)
  4 adders
  An adder skeleton (D:5)
  5 orcs (D:4)
  A goblin (D:2)
  6 jackals (D:5)
  A frilled lizard (D:4)
29 creatures vanquished.

Grand Total: 110 creatures vanquished

Notes
Turn   | Place    | Note
-------+----------+-------------------------------------------
     0 | D:1      | Bronimir the Demonspawn Wizard began the quest for the Orb.
     0 | D:1      | Reached XP level 1. HP: 13/13 MP: 4/4
   590 | D:1      | Gained mutation: When seriously injured, your bleeding
                  | wounds create armour. (AC +9) [demonic ancestry]
   590 | D:1      | Reached XP level 2. HP: 14/19 MP: 6/6
   993 | D:1      | Learned a level 2 spell: Blink
   996 | D:1      | Learned a level 2 spell: Call Imp
   999 | D:1      | Learned a level 2 spell: Slow
  1470 | D:2      | Gained mutation: Your flesh is cold resistant. (rC+)
                  | [demonic ancestry]
  1470 | D:2      | Reached XP level 3. HP: 19/24 MP: 0/7
  1473 | D:2      | Reached skill level 1 in Armour
  1595 | D:2      | Found a shadowy altar of Dithmenos.
  1595 | D:2      | Found a basalt altar of Yredelemnul.
  1596 | D:2      | Found a sparkling altar of Nemelex Xobeh.
  1770 | D:2      | Noticed Natasha
  2419 | D:3      | Reached XP level 4. HP: 26/31 MP: 6/9
  2484 | D:3      | Reached skill level 1 in Polearms
  3158 | D:3      | Learned a level 3 spell: Mephitic Cloud
  3526 | D:4      | Reached XP level 5. HP: 9/36 MP: 2/10
  4148 | D:4      | Reached skill level 1 in Hexes
  4356 | D:4      | Noticed an ogre
  4373 | D:4      | Killed an ogre
  4373 | D:4      | Reached skill level 1 in Fighting
  4373 | D:4      | Gained mutation: You have sharp fingernails. [demonic
                  | ancestry]
  4373 | D:4      | Reached XP level 6. HP: 26/43 MP: 5/11
  5854 | D:5      | Entered Level 5 of the Dungeon
  6000 | D:5      | Gained mutation: When seriously injured, your bleeding
                  | wounds create thick armour. (AC +9) [demonic ancestry]
  6000 | D:5      | Reached XP level 7. HP: 23/49 MP: 1/12
  6135 | D:5      | Reached skill level 1 in Poison Magic
  6175 | D:5      | Found Fonoph's Gadget Shop.
  6210 | D:5      | Noticed a yak
  6250 | D:5      | Killed a yak
  6250 | D:5      | Reached skill level 4 in Spellcasting
  6707 | D:5      | Noticed a yak
  6752 | D:5      | Killed a yak
  6922 | D:5      | Learned a level 3 spell: Conjure Flame
  7069 | D:5      | Noticed a yak
  7070 | D:5      | Noticed a yak
  7070 | D:5      | Noticed a yak
  7071 | D:5      | Noticed a yak
  7622 | D:5      | Slain by a yak

Levels and vault maps discovered:
D:1:      kennysheep_arrival_forest, layout_loops_corners
D:2:      layout_loops_cross, evilmike_ruin_ashenzari,
          nicolae_overflow_hidden_temple, uniq_natasha
D:3:      layout_basic, minmay_misc_feat_more_columns
D:4:      corexii_shantytown, layout_rooms, minmay_quadrilaterals
D:5:      layout_cave_pools, serial_shops, shop_fountains, first_ration

Skill      XL: |  1  2  3  4  5  6  7 |
---------------+----------------------+-----
Dodging        | 2 |  2.8
Armour         | 1 2 |  2.3
Polearms       | 1 2 |  2.5
Summonings     | 2 3 |  3.0
Hexes          | 1 2 |  2.8
Fighting       | 1 |  1.8
Conjurations   | 2 |  2.7
Poison Magic   | 1 |  1.8
Spellcasting   | 4 |  4.1
Maces & Flails | |  0.4
Throwing       | |  0.4
Stealth        | |  1.7
Translocations | |  0.8

Action                   |  1- 3 |  4- 6 |  7- 9 || total
-------------------------+-------+-------+-------++-------
Melee: Spear             |   111 |   261 |    36 ||   408
       Flail             |       |       |    10 ||    10
       Whip              |       |       |     8 ||     8
Throw: Dart              |     5 |     3 |    17 ||    25
 Cast: Magic Dart        |    23 |    53 |     7 ||    83
       Call Imp          |     6 |    35 |    22 ||    63
       Blink             |     2 |       |     1 ||     3
       Slow              |       |    11 |     1 ||    12
       Mephitic Cloud    |       |       |     1 ||     1
  Use: Potion            |     3 |     1 |       ||     4
       Scroll            |       |       |     9 ||     9
 Stab: Sleeping          |     4 |     6 |       ||    10
       Distracted        |     1 |     1 |       ||     2
       Confused          |       |       |     1 ||     1
  Eat: Chunk             |     5 |    13 |     2 ||    20
       Ration            |       |       |     1 ||     1
Armor: Leather armour    |    52 |   105 |    33 ||   190
Dodge: Dodged            |    79 |   211 |    55 ||   345
